Map: Kairos Junction LE

Players

Odin

  • Race: Zerg Zerg
  • League: Gold
  • Spawn Location: 5:00

keyser - Winner!

  • Race: Terran Terran
  • League: Gold
  • Spawn Location: 11:00

VOD

Have the link to the VOD?

Description

Time

  • Played on: Dec. 11, 2018, 5:53 a.m.
  • Length: 25:21
Show
View Real Time Build Order
Export as new Build Order

Odin Zerg 

Build Orders: Hatch First, Lurkers, Ravager All-In 

Get SALT Encoding   

  12  0:18  Drone x2  
  12  0:19  Extractor  
  12  0:20  Drone  
  15  0:29  Overlord  
  15  0:50  Drone  
  15  0:53  Hatchery  
  15  1:02  Drone x2  
  17  1:06  Extractor  
  16  1:25  Drone x2  
  18  1:28  Spawning Pool  
  18  1:40  Drone  
  18  1:47  Drone  
  19  2:05  Drone  
  20  2:16  Hatchery  
  19  2:29  Queen x2  
  23  2:31  Drone  
  23  2:32  Drone x3  
  28  2:37  Zergling x2  
  28  2:43  Overlord  
  28  2:49  Overlord  
  28  3:07  Roach Warren  
  27  3:31  Queen  
  29  3:48  Roach x6  
  41  3:51  Overlord x2  
  41  3:52  Overlord  
  41  3:57  Drone  
  41  3:59  Overlord  
  41  4:00  Overlord  
  42  4:06  Extractor  
  41  4:11  Roach x2  
  45  4:23  Drone x2  
  45  4:24  Drone  
  48  4:29  Spore Crawler  
  47  4:33  Spore Crawler  
  45  4:42  Drone  
  45  4:44  Drone x5  
  51  4:50  Ravager x4  
  55  4:55  Ravager  
  35  5:36  Spore Crawler  
  34  5:47  Lair  
  34  6:00  Roach x6  
  34  6:02  Queen x2  
  50  6:12  Zergling x2  
  50  6:13  Zergling x6  
  50  6:15  Drone  
  50  6:16  Drone x4  
  59  6:20  Extractor  
  58  6:44  Overseer x2  
  59  6:47  Drone x3  
  59  6:50  Drone x6  
  59  6:51  Drone x3  
  70  6:54  Extractor  
  70  6:56  Extractor  
  70  7:00  Hydralisk Den  
  70  7:01  Metabolic Boost  
  67  7:14  Pneumatized Carapace  
  67  7:18  Roach  
  69  7:47  Hydralisk x6  
  82  7:58  Drone  
  82  7:59  Overlord x3  
  82  8:00  Overlord x4  
  82  8:21  Evolution Chamber  
  81  9:06  Zerg Ground Armor Level 1  
  81  9:08  Drone x18  
  81  9:09  Infestation Pit  
  98  9:28  Hatchery  
  97  9:35  Spine Crawler  
  97  9:36  Spine Crawler  
  95  9:39  Spine Crawler, Hydralisk x7  
  108  9:47  Pathogen Glands  
  108  9:54  Grooved Spines, Lurker Den  
  108  9:55  Glial Reconstitution  
  107  10:05  Extractor  
  106  10:41  Hydralisk x4  
  106  10:42  Hydralisk x15  
  144  11:05  Muscular Augments  
  144  11:22  Overlord x6  
  144  11:23  Overlord x2  
  144  11:36  Hatchery  
  144  11:38  Hatchery  
  142  11:59  Overseer x3  
  142  12:02  Lurker x9  
  142  12:08  Infestor  
  153  12:33  Evolution Chamber, Neural Parasite  
  152  12:37  Zerg Ground Armor Level 2  
  152  12:46  Hive  
  152  13:22  Zerg Melee Weapons Level 1  
  132  13:53  Drone  
  132  13:54  Drone x25  
  132  13:55  Drone x11  
  165  14:09  Infestor x3  
  168  14:57  Zerg Missile Weapons Level 1  
  168  15:05  Evolution Chamber  
  167  15:16  Zerg Ground Armor Level 3  
  167  15:33  Infestor x4  
  175  15:37  Zergling x24  
  175  15:38  Zergling x18  
  196  16:29  Extractor  
  196  16:30  Hatchery  
  196  16:32  Burrow  
  194  16:35  Extractor  
  193  16:43  Extractor x2, Hatchery  
  169  17:15  Queen  
  176  18:50  Zerg Melee Weapons Level 2, Zerg Missile Weapons Level 2  
  176  18:52  Adrenal Glands  
  176  19:01  Drone x10  
  176  19:02  Drone x4  
  190  19:04  Drone x2  
  142  20:13  Hydralisk x5  
  142  20:14  Hydralisk x26  
  140  20:19  Queen  
  200  21:12  Queen  
  200  22:00  Ultralisk Cavern  
  200  22:01  Tunneling Claws  
  199  22:04  Adaptive Talons  
  199  22:11  Spire x2  
  197  22:30  Extractor  
  197  22:31  Extractor, Hatchery  
  179  23:17  Drone  
  167  23:22  Lair  
  159  23:31  Lurker Den  
  154  23:34  Spawning Pool  
  154  23:37  Hydralisk x9  
  125  24:24  Hydralisk Den  
Show
View Real Time Build Order
Export as new Build Order

keyser Terran - Winner!

Build Orders: Mech, Banshee Rush 

Get SALT Encoding   

  12  0:01  SCV  
  13  0:16  Supply Depot  
  13  0:18  SCV  
  14  0:31  SCV  
  15  0:39  Barracks  
  15  0:44  Refinery  
  15  0:46  SCV  
  16  0:58  SCV  
  16  1:00  Refinery  
  17  1:13  SCV  
  18  1:25  SCV  
  18  1:28  Supply Depot  
  18  1:37  Orbital Command  
  18  1:44  Factory  
  18  1:47  Marine  
  19  2:01  Supply Depot  
  19  2:03  SCV  
  20  2:33  Widow Mine  
  22  2:37  Marine, Starport  
  23  2:58  Marine  
  24  3:03  Factory Tech Lab  
  24  3:17  Starport Tech Lab  
  24  3:20  Armory, SCV  
  24  3:23  Hellion  
  24  3:25  Marine  
  28  3:43  Marine  
  28  3:44  Banshee  
  28  3:45  Widow Mine  
  28  3:47  Cloaking Field  
  34  4:08  Supply Depot  
  34  4:15  Marine  
  35  4:23  Command Center  
  35  4:26  Banshee  
  38  4:50  Barracks Reactor  
  38  4:58  SCV  
  38  4:59  Factory  
  39  5:01  Factory  
  39  5:10  SCV  
  39  5:12  Siege Tank  
  31  5:40  Supply Depot  
  31  5:58  Raven  
  31  6:00  Orbital Command  
  31  6:02  SCV  
  36  6:11  Terran Vehicle Weapons Level 1  
  36  6:14  SCV  
  36  6:16  Armory  
  37  6:21  Engineering Bay  
  35  6:26  SCV  
  35  6:31  Factory Tech Lab  
  36  6:34  SCV  
  36  6:38  Refinery, SCV  
  38  6:46  Supply Depot  
  38  6:48  SCV  
  38  6:50  SCV  
  38  6:52  Siege Tank  
  43  7:00  SCV  
  44  7:02  SCV  
  44  7:04  Supply Depot  
  44  7:06  Supply Depot  
  45  7:08  Supply Depot  
  45  7:13  SCV  
  45  7:14  SCV  
  47  7:17  Barracks Tech Lab  
  47  7:19  Smart Servos  
  47  7:24  Thor  
  53  7:36  Viking  
  55  7:54  Refinery  
  55  7:55  SCV  
  56  8:03  Sensor Tower  
  56  8:06  Hellion x2  
  56  8:07  SCV  
  56  8:12  Infernal Pre-Igniter  
  61  8:19  SCV  
  62  8:28  Hellion x2  
  66  8:49  Hellion x2  
  66  8:52  Command Center  
  70  9:15  Siege Tank x2  
  76  9:20  Hellion x2  
  80  9:32  Supply Depot x3  
  80  9:34  Supply Depot  
  80  9:41  Hellion x2  
  80  9:42  Hi-Sec Auto Tracking  
  80  9:44  Terran Vehicle And Ship Armor Level 1  
  84  9:47  Thor, Siege Tank  
  84  9:51  SCV  
  94  9:56  Terran Vehicle Weapons Level 2  
  94  10:04  SCV  
  95  10:17  Hellion x2  
  95  10:18  Factory  
  99  10:48  Siege Tank  
  102  10:55  Siege Tank  
  102  10:56  Hellion x2  
  109  10:57  Sensor Tower  
  109  11:09  Planetary Fortress  
  109  11:17  Hellion  
  109  11:18  Hellion  
  113  11:20  Siege Tank  
  116  11:27  Hellion  
  118  11:38  SCV  
  118  11:39  SCV  
  120  11:49  Supply Depot  
  120  11:50  SCV, Supply Depot  
  120  11:51  SCV, Supply Depot  
  120  11:52  Supply Depot  
  122  11:55  SCV  
  122  11:58  Refinery  
  123  12:03  SCV x2  
  123  12:06  Siege Tank x2  
  123  12:07  SCV  
  132  12:12  Refinery  
  132  12:38  Thor, Siege Tank  
  141  12:52  SCV  
  142  13:03  Command Center  
  142  13:05  Hellion x2  
  146  13:10  Siege Tank  
  149  13:21  Siege Tank  
  149  13:26  Hellion x2  
  154  13:42  Siege Tank  
  154  13:48  Hellion x2  
  153  13:53  Thor  
  145  14:14  Thor  
  151  14:28  Command Center  
  151  14:29  Command Center  
  150  14:34  Planetary Fortress  
  150  14:35  Command Center  
  150  14:36  Siege Tank  
  153  14:52  Sensor Tower  
  153  14:56  SCV  
  153  14:57  SCV x2, Siege Tank  
  159  15:06  Terran Vehicle Weapons Level 3  
  159  15:07  Supply Depot, Terran Vehicle And Ship Armor Level 2  
  159  15:08  SCV, Supply Depot, Siege Tank  
  159  15:09  SCV  
  164  15:17  SCV  
  164  15:18  SCV  
  164  15:19  Refinery  
  164  15:20  SCV  
  164  15:21  SCV  
  168  15:29  SCV, Siege Tank  
  168  15:30  SCV, Supply Depot  
  168  15:32  SCV  
  174  15:40  Siege Tank  
  177  15:43  Sensor Tower  
  177  15:53  Orbital Command x2  
  177  15:54  Orbital Command  
  177  16:12  SCV x3  
  180  16:20  Viking x2  
  184  16:46  Orbital Command  
  184  16:48  Refinery  
  184  16:50  Viking x2  
  185  17:19  Viking x2  
  189  17:23  Terran Ship Weapons Level 1  
  189  17:36  Starport  
  189  17:37  Fusion Core, Starport x2  
  189  17:38  Starport  
  189  17:49  Viking x2  
  193  17:54  Hellion x3  
  197  18:42  Hellion x2  
  196  18:53  Starport Tech Lab  
  196  18:54  Starport Tech Lab x2  
  196  18:55  Starport Tech Lab  
  196  19:07  Weapon Refit  
  196  19:29  Command Center  
  196  19:31  Refinery, SCV  
  196  19:32  Refinery  
  121  20:02  Battlecruiser  
  121  20:03  Battlecruiser x3  
  123  20:39  SCV  
  121  20:47  Planetary Fortress  
  121  20:51  SCV  
  122  21:03  SCV  
  123  21:06  Terran Ship Weapons Level 2  
  123  21:07  Terran Vehicle And Ship Armor Level 3, Battlecruiser x4  
  123  21:10  Battlecruiser  
  151  21:15  SCV  
  152  21:25  SCV  
  152  21:27  SCV  
  154  21:38  SCV  
  155  22:11  Battlecruiser x4  
  155  22:15  Battlecruiser  
  185  22:58  Liberator x4  
  155  23:31  Battlecruiser  
  157  23:58  Battlecruiser x3  
  157  23:59  Battlecruiser  
  180  24:26  Supply Depot x2  
  180  24:28  Supply Depot  
  180  24:30  Supply Depot x3  
  180  24:31  Supply Depot  
  180  24:32  Supply Depot x3  
  180  24:33  Supply Depot  
  180  24:38  Supply Depot  
Tags
 
Add a new tag
Caveats
  • Supply blocks, unpowered buildings, or Contaminate may cause inaccurate times.
  • Supply counts are checked every 10 seconds.